 Dungeon Crawl Stone Soup version 0.31-a0-1074-g0b22e4e0f1 (webtiles) character file.

Game seed: 2454200011284767859

72 CraigForest the Shield-Bearer (level 4, -2/29 HPs)
             Began as a Gargoyle Fighter on Dec 6, 2023.
             Slain by a gnoll
             ... wielding a +0 spear
              (6 damage)
             ... on level 2 of the Dungeon.
             The game lasted 00:04:38 (1046 turns).

CraigForest the Shield-Bearer (Gargoyle Fighter)    Turns: 1046, Time: 00:04:39

Health: -2/29      AC: 10    Str: 21    XL:     4   Next: 26%
Magic:  4/4        EV:  9    Int:  9    God:
Gold:   65         SH:  4    Dex:  9    Spells: 3/3 levels left

rFire   . . .        a - +0 flail
rCold   . . .        c - +0 buckler
rNeg    + . .        b - +0 scale mail
rPois   ∞            (no helmet)
rElec   +            (no cloak)
rCorr   .            (no gloves)
SInv    .            (no boots)
Will    .....        (no amulet) Stlth
                     (no ring)
HPRegen 0.24/turn    (no ring)
MPRegen 0.09/turn

%: no passive effects
@: no status effects
A: sickness immunity, AC +3, negative energy resistance 1, electricity
resistance, torment resistance 1, petrification resistance
a: no special abilities


You were on level 2 of the Dungeon.
You visited 1 branch of the dungeon, and saw 2 of its levels.

You collected 65 gold pieces.

Inventory:

Hand Weapons
 a - a +0 flail (weapon)
Missiles
 h - 4 poisoned darts (quivered)
 k - 2 darts of dispersal
 q - 3 boomerangs
Armour
 b - a +0 scale mail (worn)
 c - a +0 buckler (worn)
Magical Staves
 j - a staff of conjuration
Scrolls
 e - 2 scrolls of immolation {unknown}
 i - a scroll of identify {unknown}
 l - a scroll of blinking {unknown}
 n - a scroll of amnesia {unknown}
Potions
 d - a potion of might
 f - 2 potions of ambrosia {unknown}
 g - a potion of mutation {unknown}
 m - 2 potions of lignification {unknown}
 o - a potion of curing {unknown}
 p - a potion of brilliance {unknown}


   Skills:
 + Level 3.9 Fighting
 + Level 2.3 Maces & Flails
 + Level 3.9 Armour
 + Level 0.4 Dodging
 + Level 4.1 Shields


You had 3 spell levels left.
You didn't know any spells.
Your spell library contained the following spells:

 Spells                   Type           Power      Damage    Failure   Level
 Sandblast                Erth           0%         2d4       78%         1
 Passwall                 Tmut/Erth      0%         N/A       89%         2
 Stone Arrow              Conj/Erth      0%         3d7       98%         3
 Brom's Barrelling Bould  Conj/Erth      0%         2d3       100%        4


Dungeon Overview and Level Annotations

Branches:
Dungeon (2/15)

Altars:

Shops:
D:1 (


Innate Abilities, Weirdness & Mutations

You are immune to sickness and miasma.
Your stone body is resilient. (AC +3)
You are immune to poison.
You resist negative energy. (rN+)
You are resistant to electric shocks. (rElec)
You are resistant to unholy torment.
You are immune to petrification.


Message History

The gnoll barely misses you. The gnoll hits you but does no damage.
The adder bites you.
The gnoll hits you from afar with a +0 spear.
The gnoll hits you but does no damage.
You barely miss the adder. The adder closely misses you.
The gnoll hits you from afar with a +0 spear.
The gnoll hits you but does no damage. The adder barely misses you.
You thump the adder!
You kill the adder!
The gnoll hits you from afar with a +0 spear.
The gnoll hits you but does no damage.
Your Shields skill increases to level 4!
You have reached level 4!
You feel clever. The gnoll hits you with a +0 spear.
The gnoll hits you but does no damage.
Things that are here:
a quokka corpse; a jackal corpse You closely miss the gnoll.
You block the gnoll's attack. The gnoll hits you with a +0 spear.
The gnoll barely misses you. The gnoll hits you but does no damage.
You closely miss the gnoll. The gnoll hits you but does no damage.
The gnoll hits you with a +0 spear.
* * * LOW HITPOINT WARNING * * *
You hit the gnoll but do no damage. The gnoll barely misses you.
The gnoll closely misses you.
You hit the gnoll.
The gnoll is lightly wounded.
You block the gnoll's attack. x2; The gnoll hits you but does no damage.
The gnoll barely misses you.
You sock the gnoll!
You kill the gnoll!
The gnoll closely misses you.
You hit the gnoll.
The gnoll is moderately wounded.
The gnoll hits you with a +0 spear.
* * * LOW HITPOINT WARNING * * *
You barely miss the gnoll.
The gnoll is moderately wounded.
The gnoll hits you with a +0 spear.
You die...

#.#.###.##....#
#.#.....##....#
#.########....########
#.##.....'....'.......
#....#####....########
#>............'..####
##########....##....#####
#....##.).......
########@###...#.
#......g)...##.#
#..........<# #
#...........#
#...........#
#...........#
#...........#
#...........#
#...........#


You could see a gnoll.

Vanquished Creatures
  2 gnolls (D:2)
  An adder (D:2)
  A dart slug (D:2)
  A bat (D:1)
  4 endoplasms
  5 goblins (D:1)
  4 hobgoblins
  4 jackals (D:2)
  2 quokkas
  7 ball pythons
  3 frilled lizards (D:1)
  3 kobolds (D:1)
  3 rats (D:1)
40 creatures vanquished.

Notes
Turn   | Place    | Note
-------+----------+-------------------------------------------
     0 | D:1      | CraigForest the Gargoyle Fighter began the quest for the
                  | Orb.
     0 | D:1      | Reached XP level 1. HP: 14/14 MP: 1/1
   166 | D:1      | Reached XP level 2. HP: 11/19 MP: 2/2
   450 | D:1      | Reached XP level 3. HP: 5/23 MP: 3/3
   539 | D:1      | Found Atecw's Weapon Emporium.
  1039 | D:2      | Reached skill level 4 in Shields
  1039 | D:2      | Reached XP level 4. HP: 12/29 MP: 4/4
  1046 | D:2      | Slain by a gnoll

Illustrated notes

Levels and vault maps discovered:
D:1:      dpeg_arrival_rooms_c, layout_loops_ring, serial_shops, shop
D:2:      layout_basic, ebering_ecumenical_altar_webs

Skill      XL: |  1  2  3 |
---------------+----------+-----
Shields        | 4 |  4.1
Fighting       | |  3.9
Maces & Flails | |  2.3
Armour         | |  3.9
Dodging        | |  0.4

Action                     |  1- 3 |  4- 6 || total
---------------------------+-------+-------++-------
  Melee: Flail             |   148 |     7 ||   155
  Throw: Dart              |     2 |       ||     2
 Armour: Scale mail        |   120 |     9 ||   129
  Dodge: Dodged            |    88 |     5 ||    93
  Block: Buckler           |    44 |     3 ||    47

Table legend: (Time is in decaauts)
 A = Elapsed time spent in this place.
 B = Non-inter-level travel time spent in this place.
 C = Inter-level travel time spent in this place.
 D = Time resting spent in this place.
 E = Time spent auto-exploring this place.
 F = Levels seen in this place.
 G = Mean time per level.
                   A        B        C        D        E       F      G
               +--------+--------+--------+--------+--------+-----+--------+
         Total |   1096 |    963 |    133 |      0 |    647 |   2 |  548.0 |
       Dungeon |   1096 |    963 |    133 |      0 |    647 |   2 |  548.0 |
               +--------+--------+--------+--------+--------+-----+--------+

Top non-repeatable levels by time:
     D:1: 880 daAuts
     D:2: 216 daAuts
